 Dungeon Crawl Stone Soup version 0.29.1-15-g9cfb28693d (webtiles) character file.

Game seed: 4864994682538997720

198 nightchill the Trooper (level 5, -3/34 HPs)
             Began as a Gargoyle Fighter on Apr 6, 2023.
             Slain by a black bear (6 damage)
             ... on level 4 of the Dungeon.
             The game lasted 00:05:03 (3787 turns).

nightchill the Trooper (Gargoyle Fighter)           Turns: 3787, Time: 00:05:04

Health: -3/34      AC: 19    Str: 20    XL:     5   Next: 76%
Magic:  5/5        EV:  5    Int: 10    God:
Gold:   153        SH:  4    Dex:  9    Spells: 4/4 levels left

rFire   . . .      SeeInvis .   a - +0 war axe
rCold   . . .      Faith    .   c - +0 buckler
rNeg    + . .      Spirit   .   o - +0 plate armour
rPois   ∞          Reflect  .   q - +2 helmet
rElec   +          Harm     .   (no cloak)
rCorr   .          Rampage  .   (no gloves)
Will    .....                   t - +0 pair of boots
Stlth   ..........              (no amulet)
HPRegen 0.11/turn               (no ring)
MPRegen 0.09/turn               (no ring)

@: no status effects
A: sickness immunity, AC +4, negative energy resistance 1, electricity
resistance, torment resistance 1, petrification resistance
a: no special abilities


You were on level 4 of the Dungeon.
You visited 1 branch of the dungeon, and saw 4 of its levels.

You collected 153 gold pieces.

Inventory:

Hand Weapons
 a - a +0 war axe (weapon)
Armour
 b - a +0 scale mail
 c - a +0 buckler (worn)
 o - a +0 plate armour (worn)
 q - a +2 helmet (worn)
 t - a +0 pair of boots (worn)
Wands
 p - a wand of roots (7)
Scrolls
 h - a scroll of enchant armour {unknown}
 i - 7 scrolls of teleportation {unknown}
 j - a scroll of noise {unknown}
 k - 2 scrolls of identify {unknown}
 l - a scroll of enchant weapon {unknown}
 n - 2 scrolls of torment {unknown}
 u - a scroll of magic mapping {unknown}
Potions
 d - a potion of might
 e - a potion of brilliance {unknown}
 f - 3 potions of lignification {unknown}
 g - a potion of mutation {unknown}
 m - 2 potions of curing {unknown}
 r - a potion of invisibility {unknown}
 s - a potion of attraction {unknown}


   Skills:
 + Level 4.7 Fighting
 * Level 4.4 Axes
 - Level 3.2 Armour
 - Level 3.2 Shields


You had 4 spell levels left.
You didn't know any spells.
Your spell library contained the following spells:

 Spells                   Type           Power      Damage    Failure   Level
 Beastly Appendage        Tmut           0%         N/A       100%        1
 Poisonous Vapours        Pois/Air       0%         N/A       100%        2
 Wereblood                Tmut           0%         N/A       100%        2
 Confusing Touch          Hex            0%         N/A       100%        3
 Spider Form              Tmut/Pois      0%         N/A       100%        3
 Corpse Rot               Necr/Pois/Air  0%         N/A       100%        4
 Sticky Flame             Conj/Fire      0%         2d3       100%        4
 Freezing Cloud           Conj/Ice/Air   0%         6-21      100%        5
 Iskenderun's Battlesphe  Conj           0%         2d6       100%        5
 Yara's Violent Unravell  Hex/Tmut       0%         3d3       100%        5
 Enfeeble                 Hex            0%         N/A       100%        7


Dungeon Overview and Level Annotations

Branches:
Dungeon (4/15)
 Temple: D:4-7

Altars:
Makhleb
Trog

Shops:
D:1 (

Annotations:
D:3 2 transporters, 1 runed translucent door, Panino's ghost, weakling DrTm


Innate Abilities, Weirdness & Mutations

You are immune to sickness and miasma.
Your stone body is resilient. (AC +4)
You are immune to poison.
You resist negative energy. (rN+)
You are resistant to electric shocks. (rElec)
You are resistant to unholy torment.
You are immune to petrification.


Message History

The black bear is almost dead.
The black bear bites you but does no damage.
The black bear claws you but does no damage.
The black bear barely misses you.
You closely miss the black bear.
The black bear is almost dead.
The black bear goes berserk!
The black bear bites you but does no damage.
You block the black bear's attack.
The black bear claws you but does no damage.
You hit the black bear but do no damage.
The black bear is almost dead.
The black bear bites you!
* * * LOW HITPOINT WARNING * * *
The black bear claws you.
* * * LOW HITPOINT WARNING * * *
The black bear claws you but does no damage.
The black bear barely misses you.
The black bear claws you but does no damage. x2
You hit the black bear but do no damage.
The black bear is almost dead.
The black bear barely misses you.
The black bear claws you but does no damage.
The black bear barely misses you.
Okay, then.
You hit the black bear but do no damage.
The black bear is almost dead.
The black bear bites you but does no damage.
You block the black bear's attack.
The black bear claws you but does no damage.
The black bear bites you.
* * * LOW HITPOINT WARNING * * *
The black bear claws you but does no damage. x2
You barely miss the black bear.
The black bear is almost dead.
You block the black bear's attack.
The black bear claws you but does no damage. x2
The black bear bites you but does no damage.
The black bear claws you.
You die...

.. ##.# ##...##
#.## .##......##
#.##### .....
#....##.....# #
....# #.....#####
.. #...#####..##
...##...###...##
...............#
........h@.#.#....#
...?.....##..#.####
.......$#.#..#.#
......##.#...#.#
#....# #..... .#..#
.....# #.. ....#
#.. ....# .. ....


You could see a black bear (berserk).

Vanquished Creatures
  An orc priest (D:3)
  Jessica (D:3)
  Robin (D:2)
  An adder (D:3)
  A shadow imp (D:4)
  A worm (D:3)
  A dart slug (D:1)
  8 orcs
  7 ball pythons
  5 endoplasms
  A giant cockroach (D:2)
  19 goblins
  16 hobgoblins
  2 jackals (D:4)
  3 quokkas
  6 bats
  13 frilled lizards
  5 kobolds
  4 rats (D:1)
96 creatures vanquished.

Vanquished Creatures (others)
  7 plants (D:1)
7 creatures vanquished.

Grand Total: 103 creatures vanquished

Notes
Turn   | Place    | Note
-------+----------+-------------------------------------------
     0 | D:1      | nightchill the Gargoyle Fighter began the quest for the
                  | Orb.
     0 | D:1      | Reached XP level 1. HP: 14/14 MP: 1/1
    15 | D:1      | Got the Volume of Arcane Weapons
   102 | D:1      | Reached XP level 2. HP: 18/19 MP: 2/2
   426 | D:1      | Reached XP level 3. HP: 18/24 MP: 3/3
   641 | D:1      | Found Koge Yci's Weapon Shop.
   754 | D:1      | Found a faded altar of an unknown god.
  1061 | D:2      | Found a burning altar of Makhleb.
  1067 | D:2      | Noticed Robin
  1081 | D:2      | Killed Robin
  1082 | D:2      | Reached XP level 4. HP: 20/29 MP: 4/4
  2135 | D:3      | Found a transporter.
  2136 | D:3      | Noticed Jessica
  2154 | D:3      | Killed Jessica
  2370 | D:3      | Reached XP level 5. HP: 29/34 MP: 5/5
  2435 | D:3      | Found a runed translucent door.
  2508 | D:3      | Noticed Panino's ghost (weakling DrTm)
  2757 | D:3      | Found a transporter.
  3214 | D:3      | Found a burning altar of Makhleb.
  3705 | D:4      | Found a bloodstained altar of Trog.
  3767 | D:4      | Noticed a black bear
  3787 | D:4      | Slain by a black bear

Illustrated notes

Levels and vault maps discovered:
D:1:      matt_arrival_grand_opening, layout_rooms, basic_ecumenical_altar,
          serial_shops, shop, minmay_lizard_king
D:2:      layout_basic, basic_altar, uniq_robin
D:3:      gammafunk_steamed_eel, layout_basic, marbit_many_paths,
          ebering_ghost_sewer_d, minmay_goblin_outpost, uniq_jessica
D:4:      layout_layer_cave, trog_book, minmay_misc_feat_secret_circle,
          hangedman_decor_peaks_small, columned_hall_lemuel

Skill      XL: |  1  2  3  4  5 |
---------------+----------------+-----
Axes           | 2 3 4 |  4.4
Fighting       | 4 |  4.7
Armour         | |  3.2
Shields        | |  3.2

Action                   |  1- 3 |  4- 6 || total
-------------------------+-------+-------++-------
Melee: War axe           |   125 |   123 ||   248
  Use: Potion            |     1 |       ||     1
Armor: Scale mail        |    73 |     7 ||    80
       Plate armour      |       |   119 ||   119
Dodge: Dodged            |    66 |    49 ||   115
Block: Buckler           |    29 |    28 ||    57
